 Dungeon Crawl Stone Soup version 0.30-a0-279-g4b46babb21 (webtiles) character file.

Game seed: 8822131962334832645

451138 jlumianski the End of an Era (level 23, 0/268 HPs)
             Began as a Demonspawn Gladiator on Oct 13, 2022.
             Was the Champion of Qazlal.
             Slain by an acid blob (25 damage)
             ... on level 5 of the Pits of Slime on Oct 17, 2022.
             The game lasted 06:24:27 (54579 turns).

jlumianski the End of an Era (DsGl)                Turns: 54579, Time: 06:24:29

Health: 0/268      AC: 34    Str: 26    XL:     23   Next: 19%
Magic:  25/34      EV: 12    Int: 10    God:    Qazlal [******]
Gold:   2808       SH:  8    Dex: 17    Spells: 22/22 levels left

rFire   + . .      SeeInvis +    r - +8 broad axe "Yrikhowka" {vamp, Fly Str+3}
rCold   + . .      Faith    .    (no shield)
rNeg    . . .      Spirit   .    o - +10 plate armour {ponderous}
rPois   .          Reflect  .    n - +2 helmet {SInv}
rElec   .          Harm     .    G - scarf {rC+ rF+}
rCorr   +          Rampage  .    (gloves unavailable)
Will    ++...                    y - +2 pair of boots {Fly}
Stlth   ..........               I - amulet of regeneration
HPRegen 0.00/turn                z - ring of willpower
MPRegen 0.24/turn                Y - ring of resist corrosion

@: mighty, corroded, flying, inhibited regen, studying Invocations, repel
missiles, slow
A: claws 3, rugged brown scales 3, ignite blood 2, powered by pain 3, robust 3,
low MP 1, inhibited regeneration, subdued magic 1, sturdy frame 1
}: 2/15 runes: decaying, serpentine
a: Renounce Religion, Upheaval, Elemental Force, Disaster Area


You were on level 5 of the Pits of Slime.
You worshipped Qazlal.
Qazlal was exalted by your worship.
You visited 9 branches of the dungeon, and saw 45 of its levels.
You also visited: Ice Cave.

You collected 5711 gold pieces.
You spent 2903 gold pieces at shops.

Inventory:

Hand Weapons
 r - the +8 broad axe "Yrikhowka" (weapon) {vamp, Fly Str+3}
   (You found it on level 1 of the Lair of Beasts)

   It occasionally heals its wielder for a portion of the damage dealt when it
   wounds a living foe.
   Str:       It affects your strength (+3).
   Fly:       It grants you flight.
 Q - the +10 morningstar of Wirei {venom, Str+4}
   (You took it off a yaktaur captain on level 15 of the Dungeon)

   It poisons the flesh of those it strikes.
   Str:       It affects your strength (+4).
 U - the +7 scimitar "Eree" {vorpal, +Blink Will+}
   (You found it on level 12 of the Dungeon)

   It inflicts extra damage upon your enemies.
   +Blink:    It lets you blink.
   Will:      It increases your willpower.
Missiles
 d - 7 throwing nets
 e - 27 boomerangs (quivered)
 j - 26 javelins
 D - 9 datura-tipped darts
Armour
 n - a +2 helmet of see invisible (worn)
 o - a +10 plate armour of ponderousness (worn)
 y - a +2 pair of boots of flying (worn)
 G - a scarf of resistance (worn)
Jewellery
 i - a +4 ring of protection
 p - a ring of see invisible
 z - a ring of willpower (left claw)
 E - a ring of protection from fire
 F - a ring of protection from cold
 I - an amulet of regeneration (around neck)
 T - a ring of poison resistance
 X - an amulet of reflection
 Y - a ring of resist corrosion (right claw)
Wands
 k - a wand of quicksilver (31)
 w - a wand of mindburst (31)
 P - a wand of digging (13)
 V - a wand of roots (26)
Scrolls
 c - a scroll of magic mapping
 l - 6 scrolls of blinking
 m - 14 scrolls of teleportation
 C - 5 scrolls of fear
 M - 4 scrolls of poison
 N - 3 scrolls of silence
 S - 4 scrolls of fog
Potions
 a - a potion of magic
 b - 10 potions of curing
 f - 8 potions of haste
 h - 11 potions of heal wounds
 q - 2 potions of invisibility
 v - 5 potions of might
 x - 7 potions of resistance
 L - 6 potions of berserk rage
 R - 4 potions of cancellation
Miscellaneous
 g - a phial of floods
 s - a lightning rod (3/4)
 u - a phantom mirror (inert)


   Skills:
 + Level 19.9 Fighting
 - Level 3.3 Long Blades
 - Level 17.8(18.0) Axes
 + Level 3.5(12.2) Maces & Flails
 + Level 0.5(11.6) Polearms
 + Level 3.7 Throwing
 + Level 17.0 Armour
 + Level 6.3 Dodging
 + Level 4.4 Stealth
 + Level 14.5 Shields
 * Level 22.7 Invocations
 * Level 17.0 Evocations


You had 22 spell levels left.
You didn't know any spells.
Your spell library contained the following spells:

 Spells                   Type           Power      Damage    Failure   Level
 Apportation              Tloc           0%         N/A       80%         1
 Freeze                   Ice            0%         1d3       80%         1
 Magic Dart               Conj           0%         1d3       80%         1
 Necrotise                Necr           0%         1d4       80%         1
 Sandblast                Erth           0%         2d4       80%         1
 Shock                    Conj/Air       0%         1d3       80%         1
 Sting                    Tmut/Pois      0%         1d3       80%         1
 Summon Small Mammal      Summ           0%         N/A       80%         1
 Blink                    Tloc           0%         N/A       91%         2
 Cigotuvi's Dreadful Rot  Necr/Pois/Air  0%         N/A       91%         2
 Ensorcelled Hibernation  Hex/Ice        0%         N/A       91%         2
 Momentum Strike          Conj/Tloc      0%         3d8       91%         2
 Passwall                 Tmut/Erth      0%         N/A       91%         2
 Poisonous Vapours        Pois/Air       0%         N/A       91%         2
 Searing Ray              Conj           0%         2d4       91%         2
 Call Canine Familiar     Summ           0%         N/A       99%         3
 Dazzling Flash           Conj/Hex       0%         N/A       99%         3
 Frozen Ramparts          Ice            0%         1d1       99%         3
 Gell's Gravitas          Tloc           0%         N/A       99%         3
 Hailstorm                Conj/Ice       0%         3d3       99%         3
 Ignite Poison            Fire/Tmut/Pois 0%         N/A       99%         3
 Inner Flame              Hex/Fire       0%         N/A       99%         3
 Lesser Beckoning         Tloc           0%         N/A       99%         3
 Portal Projectile        Hex/Tloc       0%         N/A       99%         3
 Spider Form              Tmut/Pois      0%         N/A       99%         3
 Stone Arrow              Conj/Erth      0%         3d7       99%         3
 Swiftness                Air            0%         N/A       99%         3
 Teleport Other           Tloc           0%         N/A       99%         3
 Airstrike                Air            0%         2d(0-16)  100%        4
 Animate Armour           Summ/Erth      0%         N/A       100%        4
 Animate Dead             Necr           0%         N/A       100%        4
 Cause Fear               Hex            0%         N/A       100%        4
 Fulminant Prism          Conj/Hex       0%         3d6       100%        4
 Ice Form                 Ice/Tmut       0%         N/A       100%        4
 Leda's Liquefaction      Hex/Erth       0%         N/A       100%        4
 Olgreb's Toxic Radiance  Pois           0%         N/A       100%        4
 Agony                    Necr           0%         N/A       100%        5
 Alistair's Intoxication  Tmut/Pois      0%         N/A       100%        5
 Blade Hands              Tmut           0%         N/A       100%        5
 Borgnjor's Vile Clutch   Necr/Erth      0%         N/A       100%        5
 Freezing Cloud           Conj/Ice/Air   0%         6-21      100%        5
 Irradiate                Conj/Tmut      0%         3d11      100%        5
 Lee's Rapid Deconstruct  Erth           0%         3d5*      100%        5
 Silence                  Hex/Air        0%         N/A       100%        5
 Death Channel            Necr           0%         N/A       100%        6
 Iron Shot                Conj/Erth      0%         9d1       100%        6
 Simulacrum               Ice/Necr       0%         N/A       100%        6
 Statue Form              Tmut/Erth      0%         N/A       100%        6
 Dragon Form              Tmut           0%         N/A       100%        7
 Malign Gateway           Summ/Tloc      0%         N/A       100%        7
 Ozocubu's Refrigeration  Ice            0%         4d7       100%        7
 Discord                  Hex            0%         N/A       100%        8
 Summon Horrible Things   Summ           0%         N/A       100%        8
 Dragon's Call            Summ           0%         N/A       100%        9
 Polar Vortex             Ice            0%         N/A       100%        9


Dungeon Overview and Level Annotations

Branches:
Dungeon (15/15)            Temple (1/1) D:7            Lair (5/5) D:10
  Swamp (4/4) Lair:3        Snake (4/4) Lair:3        Slime (5/5) Lair:4
    Orc (2/2) D:12            Elf (0/3) Orc:2        Vaults (5/5) D:13
  Crypt (0/3) Vaults:2     Depths (4/4) D:15            Zot (0/5) Depths:4
  IceCv (visited)

Altars:
Dithmenos
Fedhas
Hepliaklqana
Kikubaaqudgha
Makhleb
Nemelex Xobeh
Okawaru
Qazlal
Ru
Sif Muna
Uskayaw
Vehumet
Wu Jian
Xom
Yredelemnul
Jiyva

Shops:
D:15 *   Orc:1 *   Orc:2 ?*?*   Snake:2 [[   Snake:3 *   Vaults:2 (=
Depths:4 :

Portals:
Hell: Depths:1 Depths:2 Depths:3 Depths:4
Abyss: Depths:3 Depths:4
Pandemonium: Depths:2
Ziggurat: Depths:1

Annotations:
D:6 3 runed translucent doors, Sobieck's ghost, novice KoGl; jlumianski's ghost, amateur DsGl
Slime:5 Royal Jelly


Innate Abilities, Weirdness & Mutations

You have claws for hands.
You are completely covered in rugged brown scales. (AC +3, +7% HP)
Your demonic aura often causes spilled blood to erupt in flames.
You are powered by pain.
You are extremely robust. (+30% HP)
Your magical capacity is low. (-10% MP)
You do not regenerate when monsters are visible.
Your spells are a little easier to cast, but a little less powerful.
Your movements are slightly less encumbered by armour. (ER -2)


Message History

The rockslime dies!
The acid blob is engulfed in blazing flames.
The acid blob spits acid at you. The splash of acid hits you. You resist.
* * * LOW HITPOINT WARNING * * *
You block the acid blob's attack. The acid blob spits acid at you.
The splash of acid misses you.
The splash of acid hits the azure jelly.
The azure jelly completely resists.
The azure jelly hits you but does no damage. x4
The quicksilver ooze is engulfed in blazing flames.
The rockslime barely misses you.
The great orb of eyes barely misses your great orb of eyes.
Your Royal Jelly hits the acid blob!!
Your Royal Jelly hits the acid blob.
Aiming: Thunderbolt
Press: ? - help, Shift-Dir - straight line, f/p - Royal Jelly
Aim: the Royal Jelly (moderately wounded, ally target)
The thunderbolt hits the Royal Jelly!
The Royal Jelly is heavily wounded.
The thunderbolt hits the quicksilver ooze!
The quicksilver ooze is moderately wounded.
The Royal Jelly shudders.
The Royal Jelly spits out another jelly.
The quicksilver ooze is engulfed in blazing flames.
The acid blob is engulfed in blazing flames.
The acid blob hits you!!
* * * LOW HITPOINT WARNING * * *
You are splashed with acid.
You resist.
* * * LOW HITPOINT WARNING * * *
The azure jelly barely misses you. The azure jelly hits you!
* * * LOW HITPOINT WARNING * * *
The azure jelly freezes you! You resist.
* * * LOW HITPOINT WARNING * * *
The azure jelly hits you.
* * * LOW HITPOINT WARNING * * *
You block the azure jelly's attack.
The acid blob is engulfed in freezing vapours.
The acid blob hits you!!
You die...

.... .... .....
##.....
####..G....
###..○.G.....
..#...J§JJ.....
.....JJ@JJ.....
.....JJJ☼J.....
.....JJJJJ.....
....J..J.......
...............
............G..
.............G.
...............


You could see the Royal Jelly (ally target), 4 acid blobs, 3 azure jellies, 3
great orbs of eyes, a rockslime, 4 quicksilver oozes, the friendly Royal Jelly
(summoned, drained), a friendly great orb of eyes (summoned), 3 friendly slime
creatures and a friendly quicksilver ooze (summoned).

Vanquished Creatures
  Dissolution (Slime:3)
  Sojobo (Vaults:3)
  A caustic shrike (Depths:3)
  3 golden dragons
  A bone dragon (Depths:4)
  Zenata (Vaults:3)
  2 liches
  Mlioglotl (Swamp:3)
  A titan (Depths:3)
  Asterion (Vaults:3)
  A walking frostbound tome (Depths:3)
  8 acid blobs
  The ghost of sirJeffrey23 the Conqueror, an adept HOFi of Beogh (Swamp:2)
  The ghost of Sobieck the Imperceptible, an adept KoGl of Uskayaw (Swamp:4)
  Frances (Lair:3)
  The ghost of Teuz the Warrior, an adept DrFE of the Shining One (Swamp:4)
  A sphinx (Vaults:1)
  7 shadow dragons
  The ghost of Iusername the Executioner, an adept MiFi of Jiyva (Swamp:4)
  2 thorn hunters
  Agnes (Snake:1)
  4 tengu reavers
  The ghost of Jais Joink the Severer, an adept FoFi of Okawaru (D:14)
  Roxanne (Snake:4)
  5 rockslimes
  3 azure jellies
  A storm dragon (Depths:3)
  Kirke (Snake:1)
  2 fire giants
  15 nagarajas
  2 draconian knights (Depths:4)
  2 draconian scorchers (Depths:2)
  7 vault wardens
  7 frost giants
  The ghost of Lennethare the Black Sun, a journeyman DrNe of Kikubaaqudgha (Snake:1)
  2 iron dragons
  Aizul (Snake:2)
  Louise (Depths:4)
  5 spectral caustic shrikes (Depths:3)
  2 spriggan defenders (Depths:2)
  An orc warlord (D:12)
  A draconian stormcaller (Depths:4)
  A war gargoyle (Vaults:1)
  22 very ugly things
  14 ironbound preservers
  2 quicksilver oozes
  A reaper (Depths:2)
  2 black draconians
  12 stone giants
  2 vampire knights (Depths:1)
  2 eleionomae
  9 ironbound thunderhulks
  A red draconian (Depths:4)
  A green draconian (Depths:4)
  11 bunyips
  A white draconian (Depths:2)
  2 yellow draconians
  The ghost of Ora Soeq the Fighter, a journeyman HOFi of Trog (D:11)
  2 purple draconians (Depths:4)
  12 dire elephants
  2 spark wasps (Depths:1)
  3 ettins
  A crystal guardian (Vaults:3)
  An entropy weaver (Vaults:1)
  A deep elf death mage (D:13)
  Josephine (Swamp:1)
  8 yaktaur captains
  3 jiangshi (Depths:4)
  A shambling mangrove (Swamp:1)
  6 great orbs of eyes
  The ghost of ChongLi the Spear-Bearer, a journeyman NaWr of Cheibriados (Lair:2)
  Harold (Lair:1)
  A merfolk javelineer (Depths:1)
  5 fire dragons
  8 vault guards
  2 peacekeepers
  Erolcha (D:11)
  11 ice dragons
  4 ghost crabs
  A spriggan skeleton (Depths:2)
  3 rakshasas
  3 salamander tyrants (Snake:4)
  11 ironbound frosthearts
  23 hydras
  7 boulder beetles
  6 spriggan air magi
  6 alligators
  15 anacondas
  15 centaur warriors
  2 ogre magi
  A death knight (D:12)
  9 two-headed ogres
  12 deep troll shamans
  6 deep troll earth magi
  24 naga warriors
  3 tengu warriors
  7 orc high priests
  A death yak (Lair:5)
  3 vampire magi
  Nergalle (D:11)
  3 shock serpents
  2 sun demons (Depths:2)
  Sonja (D:12)
  10 spriggan berserkers
  22 naga sharpshooters
  4 hell knights
  3 salamander mystics
  9 iron trolls
  5 goliath frogs
  4 skeletal warriors
  12 wizards
  53 deep trolls
  2 death drakes
  4 spriggan druids
  9 naga ritualists
  9 swamp dragons
  5 flayed ghosts
  6 bog bodies
  2 glowing orange brains
  17 lindwurms
  5 necromancers
  7 deep elf pyromancers
  A harpy (shapeshifter) (D:13)
  8 ironbound convokers
  3 orc knights
  The ghost of Ekaitz the Thaumaturge, a novice DEHW of Sif Muna (D:7)
  A mana viper (shapeshifter) (D:14)
  3 oklob plants
  12 mana vipers
  2 stone giant zombies
  2 shining eyes
  6 cyclopes
  A fire giant zombie (Vaults:3)
  5 will-o-the-wisps
  4 manticores
  12 salamanders
  45 ugly things
  An ice statue (IceCv)
  A moth of wrath (Lair:5)
  12 elephants
  15 vault sentinels
  14 naga magi
  53 black mambas
  3 molten gargoyles (Lair:5)
  2 torpor snails
  Maggie (Lair:1)
  2 eyes of devastation
  4 guardian serpents
  7 cane toads
  5 gargoyles
  11 komodo dragons
  A freezing wraith (D:14)
  An efreet (D:14)
  2 spriggan zombies (Depths:1)
  A kobold demonologist (D:11)
  6 rime drakes
  5 unseen horrors
  7 tengu conjurers
  27 yaktaurs
  A golden dragon simulacrum (Depths:2)
  3 ice devils
  3 anaconda simulacra (IceCv)
  2 polar bears
  A meliai (shapeshifter) (D:12)
  A bloated husk (Swamp:3)
  16 tyrant leeches
  29 hornets
  2 tarantellas (Depths:3)
  A wolf spider simulacrum (D:15)
  13 trolls
  6 meliai
  A tengu simulacrum (Depths:2)
  22 blink frogs
  85 slime creatures
  10 dream sheep
  A jumping spider (Vaults:1)
  5 centaur simulacra
  26 spriggans
  A shadow (D:11)
  50 yaks
  5 water elementals (Depths:1)
  8 wyverns
  9 wraiths
  A wyvern (shapeshifter) (D:12)
  A dire elephant simulacrum (IceCv)
  A vampire (D:9)
  An elf skeleton (Vaults:3)
  7 steam dragons
  8 basilisks
  Grum (D:11)
  A basilisk (shapeshifter) (D:14)
  4 redbacks (Depths:3)
  14 vampire mosquitoes
  3 hogs (Snake:1)
  A harpy simulacrum (IceCv)
  Edmund (D:4)
  2 death yak simulacra (IceCv)
  13 swamp worms
  2 acid dragons
  41 nagas
  7 wargs
  A naga (shapeshifter) (D:12)
  A hydra simulacrum (IceCv)
  4 hell hounds (Lair:5)
  11 water moccasins
  A floating eye (Depths:3)
  A meliai simulacrum (D:12)
  11 swamp drakes
  6 ice beasts
  2 black bears
  30 orc warriors
  21 wolves
  5 boggarts
  4 ogres
  8 centaurs
  2 phantoms
  The ghost of greasedhog the Trooper, an amateur GrCK of Xom (D:3)
  A kobold brigand (D:10)
  A necrophage (D:7)
  A gnoll sergeant (D:8)
  7 two-headed ogre simulacra (IceCv)
  8 bullfrogs
  A cane toad simulacrum (IceCv)
  6 scorpions
  16 wights
  A water moccasin skeleton (D:3)
  An elephant simulacrum (IceCv)
  5 howler monkeys
  4 electric eels (Snake:2)
  5 lava snakes (Lair:5)
  14 jellies
  A hound (D:6)
  41 orc priests
  3 centaur skeletons
  A gnoll bouda (D:8)
  A bullfrog skeleton (D:3)
  Jessica (D:2)
  4 iguanas
  Terence (D:3)
  21 orc wizards
  2 troll simulacra (IceCv)
  A boggart skeleton (D:15)
  4 spriggan simulacra (IceCv)
  4 wolf simulacra (IceCv)
  13 adders
  11 gnolls
  6 naga simulacra (IceCv)
  2 shadow imps
  12 white imps
  6 ufetubi
  3 worms
  2 dart slugs
  117 orcs
  3 bats
  9 endoplasms
  2 giant cockroaches (D:1)
  5 goblins
  5 hobgoblins
  5 jackals
  4 quokkas
  5 ball pythons
  3 frilled lizards
  12 kobolds
  3 rats
1805 creatures vanquished.

Vanquished Creatures (collateral kills)
  Bai Suzhen (Snake:3)
  Vashnia (Snake:3)
  A rockslime (Slime:5)
  An orc warlord (Orc:2)
  4 very ugly things
  An ironbound thunderhulk (Vaults:2)
  A fire dragon (Depths:1)
  A crystal guardian (Vaults:3)
  2 great orbs of eyes
  A hydra (Lair:5)
  An ironbound frostheart (Vaults:2)
  A boulder beetle (D:13)
  2 naga warriors (Snake:4)
  2 death yaks (Lair:5)
  2 naga sharpshooters (Snake:4)
  A titan zombie (Vaults:3)
  A skeletal warrior (D:15)
  A necromancer (Vaults:3)
  An oklob plant (Depths:2)
  A slime creature (Vaults:3)
  A shining eye (Slime:2)
  An ugly thing (Vaults:4)
  2 elephants
  A frost giant skeleton (Vaults:3)
  A naga mage (Snake:4)
  A yaktaur (Vaults:3)
  2 hornets (Swamp:4)
  A jumping spider (Vaults:1)
  2 yaks (Lair:5)
  A redback (Vaults:1)
  A naga (Snake:4)
  2 orc priests (Orc:2)
  4 orcs
47 creatures vanquished.

Vanquished Creatures (others)
  An ogre mage (D:12)
  A deep elf pyromancer (D:12)
  A cyclops (D:14)
  A black mamba (Snake:4)
  2 bloated husks
  A tyrant leech (Swamp:4)
  A spriggan (Swamp:2)
  A yak (D:12)
  A swamp worm (Swamp:4)
  A swamp drake (Swamp:2)
  24 foxfires
  22 fungi
  106 plants
  10 withered plants
173 creatures vanquished.

Grand Total: 2025 creatures vanquished

Notes
Turn   | Place    | Note
-------+----------+-------------------------------------------
     0 | D:1      | jlumianski the Demonspawn Gladiator began the quest for the
                  | Orb.
     0 | D:1      | Reached XP level 1. HP: 16/16 MP: 1/1
   303 | D:1      | Gained mutation: You have sharp fingernails. [demonic
                  | ancestry]
   303 | D:1      | Reached XP level 2. HP: 21/22 MP: 2/2
   742 | D:2      | Gained mutation: You sometimes gain a little power by
                  | taking damage. [demonic ancestry]
   742 | D:2      | Reached XP level 3. HP: 27/27 MP: 3/3
  1093 | D:2      | Noticed Jessica
  1115 | D:2      | Killed Jessica
  1116 | D:2      | Reached XP level 4. HP: 14/34 MP: 4/4
  1257 | D:2      | Reached skill level 1 in Armour
  1528 | D:3      | Found a faded altar of an unknown god.
  1585 | D:3      | Noticed a phantom
  1620 | D:3      | Found a transporter.
  1622 | D:3      | Noticed greasedhog's ghost (amateur GrCK)
  1623 | D:3      | Found a transporter.
  1641 | D:3      | Found a radiant altar of Vehumet.
  1648 | D:3      | Noticed Terence
  1649 | D:3      | Gained mutation: Your demonic aura sometimes causes spilled
                  | blood to erupt in flames. [demonic ancestry]
  1649 | D:3      | Reached XP level 5. HP: 34/39 MP: 5/5
  1665 | D:3      | Killed Terence
  1955 | D:3      | Found a burning altar of Makhleb.
  2502 | D:3      | Reached XP level 6. HP: 22/46 MP: 6/6
  2555 | D:3      | Reached skill level 5 in Axes
  2627 | D:3      | Killed greasedhog's ghost
  2936 | D:4      | Found a blossoming altar of Fedhas.
  3017 | D:4      | Gained mutation: You are partially covered in rugged brown
                  | scales. (AC +1, +3% HP) [demonic ancestry]
  3017 | D:4      | Reached XP level 7. HP: 19/53 MP: 7/7
  3036 | D:5      | Entered Level 5 of the Dungeon
  3064 | D:5      | Noticed Edmund
  3796 | D:4      | Killed Edmund
  3943 | D:5      | Gained mutation: You are mostly covered in rugged brown
                  | scales. (AC +2, +5% HP) [demonic ancestry]
  3943 | D:5      | Reached XP level 8. HP: 49/61 MP: 8/8
  3965 | D:5      | HP: 1/61 [orc priest/divine providence (13)]
  4950 | D:6      | Found a runed translucent gate.
  4951 | D:6      | Found a runed translucent gate.
  4951 | D:6      | Found a runed translucent gate.
  4952 | D:6      | Noticed jlumianski's ghost (amateur DsGl)
  4953 | D:6      | Noticed Sobieck's ghost (novice KoGl)
  5185 | D:6      | Found a sacrificial altar of Ru.
  5260 | D:6      | Found a hazy altar of Hepliaklqana.
  5362 | D:6      | Identified a scroll of acquirement
  5362 | D:6      | Acquired a +1 pair of boots of flying
  5373 | D:6      | Gained mutation: Your mind is acute. (Int +4, Str/Dex -1)
                  | [potion of mutation]
  5373 | D:6      | Gained mutation: You have hidden genetic potential. [potion
                  | of mutation]
  6123 | D:6      | Reached skill level 5 in Fighting
  6123 | D:6      | Gained mutation: You sometimes gain power by taking damage.
                  | [demonic ancestry]
  6123 | D:6      | Reached XP level 9. HP: 61/71 MP: 9/9
  6355 | D:7      | Noticed a gargoyle
  6363 | D:7      | Killed a gargoyle
  6576 | D:7      | Found a staircase to the Ecumenical Temple.
  6580 | Temple   | Entered the Ecumenical Temple
  6597 | Temple   | Became a worshipper of Qazlal Stormbringer
  6667 | D:7      | Reached skill level 5 in Armour
  6677 | D:7      | Gained mutation: You passively map a small area around you.
                  | [hidden potential]
  6717 | D:7      | Found a runed translucent door.
  6717 | D:7      | Noticed Ekaitz's ghost (novice DEHW)
  6950 | D:7      | Found a shimmering blue altar of Sif Muna.
  7069 | D:7      | Killed Ekaitz's ghost
  7265 | D:8      | Gained mutation: You have very sharp fingernails. [demonic
                  | ancestry]
  7265 | D:8      | Reached XP level 10. HP: 55/80 MP: 10/10
  7362 | D:8      | Reached skill level 10 in Axes
  7772 | D:8      | Found a sparkling altar of Nemelex Xobeh.
  7803 | D:8      | Reached * piety under Qazlal
  7966 | D:9      | Upgraded the game from 0.30-a0-263-ge22c4ad894 to
                  | 0.30-a0-269-gf0224bf7b6
  8100 | D:9      | Gained mutation: Your muscles are strong. (Str +4, Int/Dex
                  | -1) [hidden potential]
  8100 | D:9      | Lost mutation: You have hidden genetic potential. [hidden
                  | potential expressed]
  8201 | D:9      | Reached skill level 1 in Invocations
  8206 | D:9      | Reached skill level 1 in Evocations
  8342 | D:9      | Reached skill level 2 in Invocations
  8593 | D:9      | Found an ornate altar of the Wu Jian Council.
  8634 | D:9      | Reached skill level 1 in Stealth
  8757 | D:10     | Entered Level 10 of the Dungeon
  8769 | D:10     | Noticed a two-headed ogre
  8832 | D:10     | Reached ** piety under Qazlal
  8853 | D:10     | Reached skill level 3 in Invocations
  8917 | D:10     | Noticed a two-headed ogre
  8925 | D:10     | Killed a two-headed ogre
  8926 | D:10     | Gained mutation: Your demonic aura often causes spilled
                  | blood to erupt in flames. [demonic ancestry]
  8926 | D:10     | Reached XP level 11. HP: 66/88 MP: 13/13
  8962 | D:10     | Found a staircase to the Lair.
  8984 | D:10     | Reached skill level 4 in Invocations
  9128 | D:10     | Killed a two-headed ogre
  9281 | D:10     | Noticed a two-headed ogre
  9290 | D:10     | Killed a two-headed ogre
  9293 | D:10     | Reached skill level 5 in Invocations
  9323 | D:11     | Noticed Grum
  9324 | D:11     | Noticed a two-headed ogre
  9341 | D:10     | Killed a two-headed ogre
  9421 | D:11     | Killed Grum
  9533 | D:11     | Found a runed translucent gate.
  9533 | D:11     | Found a runed translucent gate.
  9534 | D:11     | Found a runed translucent gate.
  9566 | D:11     | Reached skill level 1 in Shields
  9593 | D:12     | Noticed a two-headed ogre
  9606 | D:11     | Killed a two-headed ogre
  9633 | D:11     | Reached *** piety under Qazlal
  9635 | D:11     | Reached skill level 6 in Invocations
  9659 | D:11     | Noticed a boulder beetle
  9679 | D:11     | Killed a boulder beetle
  9680 | D:11     | Reached XP level 12. HP: 83/96 MP: 16/16
  9769 | D:12     | Noticed Nergalle
  9782 | D:11     | Killed Nergalle
  9828 | D:11     | Noticed Erolcha
  9888 | D:11     | Killed Erolcha
  9889 | D:11     | Reached skill level 5 in Evocations
  9930 | D:11     | Noticed Ora Soeq's ghost (journeyman HOFi)
 10511 | D:11     | Killed Ora Soeq's ghost
 10512 | D:11     | Reached skill level 7 in Invocations
 10696 | D:12     | Noticed a boulder beetle
 10737 | D:11     | Killed a boulder beetle
 10760 | D:12     | Noticed a two-headed ogre
 10770 | D:11     | Killed a two-headed ogre
 10804 | D:12     | Noticed a boulder beetle
 10956 | D:12     | Found a staircase to the Orcish Mines.
 11052 | D:12     | Noticed a two-headed ogre
 11066 | D:11     | Reached skill level 8 in Invocations
 11084 | D:11     | Killed a two-headed ogre
 11295 | D:12     | Noticed a death knight
 11335 | D:12     | Identified the amulet "Piofedd" {Faith Harm Fragile rN+}
 11335 | D:12     | Noticed an ogre mage
 11338 | D:12     | Reached **** piety under Qazlal
 11343 | D:12     | Noticed an ogre mage
 11358 | D:12     | Killed an ogre mage
 11532 | D:12     | Reached XP level 13. HP: 106/106 MP: 19/19
 11703 | D:11     | Paralysed by a hornet for 3 turns
 11715 | D:11     | Paralysed by a hornet for 3 turns
 11938 | D:12     | Identified the +8 spear of the Volcano {drain, Int+4
                  | Stlth+}
 12329 | D:13     | Found a gate to the Vaults.
 12388 | D:13     | Found a frozen archway.
 12392 | IceCv    | Entered an ice cave
 12726 | IceCv    | Reached ***** piety under Qazlal
 12736 | IceCv    | Reached skill level 9 in Invocations
 12804 | IceCv    | Reached skill level 10 in Fighting
 13709 | D:12     | Reached skill level 10 in Invocations
 13727 | D:12     | Identified the +7 scimitar "Eree" {vorpal, +Blink Will+}
 13727 | D:12     | Identified the +2 ring mail of Ykurph {rElec Str-3 Int+3}
 13924 | Lair:1   | Entered Level 1 of the Lair of Beasts
 14345 | D:12     | Identified the +2 plate armour of Kyduid {Dex+2}
 14820 | D:13     | Noticed Sonja
 14831 | D:13     | Reached XP level 14. HP: 83/116 MP: 21/21
 14962 | D:12     | Killed Sonja
 15974 | D:14     | Reached skill level 10 in Armour
 16093 | D:14     | Reached skill level 11 in Invocations
 16720 | D:15     | Entered Level 15 of the Dungeon
 16720 | D:15     | Noticed Jais Joink's ghost (adept FoFi)
 16720 | D:15     | Found a runed translucent door.
 17125 | D:15     | Found Mclecu's Merry Market.
 17182 | D:14     | Reached skill level 5 in Shields
 17599 | D:15     | Identified the +10 morningstar of Wirei {venom, Str+4}
 18203 | D:15     | Reached skill level 12 in Invocations
 18282 | D:15     | Found a staircase to the Depths.
 18498 | D:14     | Killed Jais Joink's ghost
 18499 | D:14     | Gained mutation: You are completely covered in rugged brown
                  | scales. (AC +3, +7% HP) [demonic ancestry]
 18499 | D:14     | Reached XP level 15. HP: 67/127 MP: 24/24
 18772 | Orc:1    | Entered Level 1 of the Orcish Mines
 18864 | D:12     | Reached skill level 15 in Axes
 19032 | Orc:1    | Found Joovo's Assorted Antiques.
 19094 | Orc:1    | Reached skill level 5 in Dodging
 19113 | Orc:1    | Bought a potion of heal wounds for 135 gold pieces
 19113 | Orc:1    | Bought a potion of heal wounds for 135 gold pieces
 19394 | Orc:2    | Entered Level 2 of the Orcish Mines
 19852 | Orc:2    | Found the +8 demon blade "Leech" {vamp, Harm Drain rN+}
 20168 | Orc:2    | Reached skill level 1 in Long Blades
 20437 | Orc:2    | Found Zeujoqo's Magic Scroll Shoppe.
 20437 | Orc:2    | Found Fuis's General Store.
 20490 | Orc:2    | Found a staircase to the Elven Halls.
 20516 | Orc:2    | Bought a scroll of blinking for 112 gold pieces
 20516 | Orc:2    | Bought a scroll of teleportation for 45 gold pieces
 20705 | Orc:2    | Found Osuominu's Magic Scroll Shoppe.
 20705 | Orc:2    | Found Ibeegid's General Store.
 20710 | Orc:2    | Bought a scroll of brand weapon for 123 gold pieces
 20719 | Orc:2    | Bought a +0 broad axe for 60 gold pieces
 20719 | Orc:2    | Bought a potion of heal wounds for 75 gold pieces
 20829 | Lair:1   | Noticed Maggie
 20874 | Lair:1   | Killed Maggie
 21013 | Lair:1   | Noticed Harold
 21023 | Lair:1   | Killed Harold
 21061 | Lair:1   | Identified the +8 broad axe "Yrikhowka" {vamp, Fly Str+3}
 22046 | Lair:2   | Reached skill level 10 in Evocations
 22090 | Lair:2   | Found a runed translucent door.
 22091 | Lair:2   | Noticed ChongLi's ghost (journeyman NaWr)
 22112 | Lair:2   | Identified the +0 ring mail of Tage {rElec rF+ rC+ Str-2}
 22145 | Lair:2   | Killed ChongLi's ghost
 22913 | Lair:3   | Found a staircase to the Snake Pit.
 23129 | Lair:3   | Found a staircase to the Swamp.
 23303 | Lair:4   | Reached ****** piety under Qazlal
 23304 | Lair:4   | Found a viscous altar of Jiyva.
 23312 | Lair:4   | Found a staircase to the Slime Pits.
 23351 | Lair:5   | Entered Level 5 of the Lair of Beasts
 23837 | Lair:4   | Reached skill level 13 in Invocations
 24806 | Lair:5   | Reached XP level 16. HP: 135/135 MP: 23/25
 24922 | Lair:5   | Reached skill level 1 in Maces & Flails
 25292 | Lair:5   | Found a large runed translucent door.
 25292 | Lair:5   | Found a large runed translucent door.
 26223 | Swamp:1  | Entered Level 1 of the Swamp
 26450 | Swamp:1  | Noticed Josephine
 26465 | Swamp:1  | Killed Josephine
 26478 | Swamp:1  | You are sucked into a shaft and drop 1 floor!
 26529 | Swamp:1  | Identified the +3 sling of Xesamuh {freeze, *Slow rC++}
 27250 | Swamp:1  | Reached skill level 14 in Invocations
 27528 | Swamp:2  | Found a runed translucent door.
 27528 | Swamp:2  | Noticed sirJeffrey23's ghost (adept HOFi)
 27985 | Swamp:2  | Killed sirJeffrey23's ghost
 27986 | Swamp:2  | Gained mutation: You have claws for hands. [demonic
                  | ancestry]
 27986 | Swamp:2  | Reached XP level 17. HP: 55/144 MP: 20/27
 28795 | Swamp:4  | Entered Level 4 of the Swamp
 29153 | Swamp:4  | Noticed Mlioglotl
 29212 | Swamp:3  | Killed Mlioglotl
 29703 | Swamp:4  | Found a runed translucent gate.
 29704 | Swamp:4  | Found a runed translucent gate.
 29705 | Swamp:4  | Found a runed translucent gate.
 29706 | Swamp:4  | Noticed Iusername's ghost (adept MiFi)
 29707 | Swamp:4  | Noticed Sobieck's ghost (adept KoGl)
 29707 | Swamp:4  | Noticed Teuz's ghost (adept DrFE)
 29770 | Swamp:4  | Got a decaying rune of Zot
 30272 | Swamp:4  | Identified the +7 mace of the Elven Halls {distort, rElec
                  | rC- Will+ Dex+5}
 30302 | Swamp:4  | Killed Iusername's ghost
 30419 | Swamp:4  | Killed Sobieck's ghost
 30464 | Swamp:4  | Killed Teuz's ghost
 30730 | Snake:1  | Entered Level 1 of the Snake Pit
 30733 | Snake:1  | Noticed Frances
 30791 | Lair:3   | Killed Frances
 30903 | Snake:1  | Noticed Kirke
 30909 | Snake:1  | Killed Kirke
 30910 | Snake:1  | Reached skill level 15 in Invocations
 30979 | Snake:1  | Found a runed translucent door.
 30979 | Snake:1  | Noticed Lennethare's ghost (journeyman DrNe)
 30985 | Snake:1  | Noticed Agnes
 31002 | Snake:1  | Killed Agnes
 31340 | Snake:1  | You are sucked into a shaft and drop 1 floor!
 31372 | Snake:2  | Reached skill level 10 in Shields
 31378 | Snake:2  | Reached XP level 18. HP: 134/153 MP: 29/29
 31983 | Snake:1  | Killed Lennethare's ghost
 32300 | Snake:2  | Found Distio's Antique Armour Emporium.
 32307 | Snake:2  | Bought a shiny plate armour for 676 gold pieces
 32307 | Snake:2  | Found Dinorogu's Antique Armour Shoppe.
 32392 | Snake:2  | Bought a shiny plate armour for 1092 gold pieces
 32853 | Snake:3  | Noticed Vashnia
 34290 | Snake:3  | Found Qelah's CLEARANCE SALE!.
 34294 | Snake:3  | Noticed Aizul
 34361 | Snake:2  | Killed Aizul
 34493 | Snake:3  | Reached skill level 16 in Invocations
 34604 | Snake:4  | Entered Level 4 of the Snake Pit
 35261 | Snake:4  | Noticed Bai Suzhen
 35295 | Snake:3  | Killed Vashnia
 35572 | Snake:3  | Killed Bai Suzhen
 36578 | Snake:4  | Noticed Roxanne
 36904 | Snake:4  | Gained mutation: You are powered by pain. [demonic
                  | ancestry]
 36904 | Snake:4  | Reached XP level 19. HP: 136/162 MP: 31/31
 37235 | Snake:4  | Got a serpentine rune of Zot
 37634 | Snake:4  | Reached skill level 17 in Invocations
 38019 | Snake:4  | Killed Roxanne
 38328 | Vaults:1 | Entered Level 1 of the Vaults
 38546 | Vaults:1 | Reached skill level 15 in Fighting
 40485 | D:13     | Reached XP level 20. HP: 175/175 MP: 32/32
 40822 | Vaults:1 | Reached skill level 18 in Invocations
 41909 | Vaults:2 | Found Potsustu's Weapon Shop.
 41972 | Vaults:2 | Found the macabre finger necklace {rN+}
 42028 | Vaults:2 | Found Xoginiucw's Jewellery Shoppe.
 42037 | Vaults:2 | Bought an amulet of reflection for 450 gold pieces
 42590 | Vaults:2 | Found a staircase to the Crypt.
 42590 | Vaults:2 | Found a basalt altar of Yredelemnul.
 42591 | Vaults:2 | Found an ancient bone altar of Kikubaaqudgha.
 42777 | Vaults:3 | Noticed Sojobo
 42789 | Vaults:3 | Paralysed by an air elemental for 1 turns
 42793 | Vaults:3 | Paralysed by an air elemental for 1 turns
 42796 | Vaults:3 | Paralysed by an air elemental for 1 turns
 42799 | Vaults:3 | Paralysed by an air elemental for 1 turns
 43286 | Vaults:3 | Noticed Zenata
 43295 | Vaults:3 | Killed Zenata
 43358 | Vaults:4 | Reached skill level 15 in Armour
 43378 | Vaults:3 | Killed Sojobo
 43752 | Vaults:3 | Reached skill level 15 in Evocations
 43811 | Vaults:3 | Noticed Asterion
 43834 | Vaults:3 | Killed Asterion
 44469 | Vaults:4 | Reached skill level 19 in Invocations
 44488 | Vaults:3 | Reached XP level 21. HP: 96/165 MP: 34/34
 45100 | Vaults:5 | Entered Level 5 of the Vaults
 46273 | Depths:1 | Entered Level 1 of the Depths
 46294 | Depths:1 | Acquired a manual of Invocations
 46498 | Depths:1 | Found a one-way gateway to a ziggurat.
 46598 | Depths:1 | Paralysed by a vampire knight for 2 turns
 46731 | Depths:1 | Found a gateway to Hell.
 47255 | Depths:1 | Found a shadowy altar of Dithmenos.
 47828 | Depths:2 | Reached skill level 20 in Invocations
 48074 | Depths:2 | Noticed a golden dragon
 48086 | Depths:2 | Killed a golden dragon
 48198 | Depths:2 | Found an ancient bone altar of Kikubaaqudgha.
 48292 | Depths:2 | Found a one-way gate leading to the halls of Pandemonium.
 48706 | Depths:2 | Noticed a golden dragon
 48724 | Depths:2 | Killed a golden dragon
 48826 | Depths:2 | Identified the +6 halberd of Dany {vorpal, rElec}
 49237 | D:10     | Upgraded the game from 0.30-a0-269-gf0224bf7b6 to
                  | 0.30-a0-272-gf98c3da03f
 49237 | D:10     | Upgraded the game from 0.30-a0-272-gf98c3da03f to
                  | 0.30-a0-279-g4b46babb21
 49459 | Depths:3 | You are sucked into a shaft and drop 1 floor!
 49459 | Depths:4 | Entered Level 4 of the Depths
 49468 | Depths:4 | Gained mutation: You are robust. (+10% HP) [demonic
                  | ancestry]
 49468 | Depths:4 | Reached XP level 22. HP: 173/216 MP: 36/36
 49972 | Depths:3 | Noticed a caustic shrike
 49987 | Depths:3 | Killed a caustic shrike
 50110 | Depths:3 | Reached skill level 21 in Invocations
 50467 | Depths:3 | Found a one-way gate to the infinite horrors of the Abyss.
 50921 | Depths:3 | Got Gusagh's Octavo of Poisoning
 51099 | Depths:3 | Identified the +8 rapier "Niquekoj" {flame, rPois rCorr
                  | Int-4 SInv}
 51504 | Depths:4 | Noticed Louise
 51520 | Depths:4 | Killed Louise
 51526 | Depths:4 | Got the Encyclopedia of the Altered Blizzard
 51676 | Depths:4 | Found Zogoaf's Assorted Antiques.
 52784 | Depths:4 | Found Vuyn's One-of-a-Kind Books.
 52884 | Depths:4 | Reached skill level 22 in Invocations
 52984 | Depths:4 | Noticed a golden dragon
 52998 | Depths:4 | Killed a golden dragon
 53055 | Depths:4 | Found a gate to the Realm of Zot.
 53470 | Slime:1  | Entered Level 1 of the Pits of Slime
 53601 | Slime:2  | Gained mutation: You have hidden genetic defects. [a
                  | shining eye]
 53827 | Slime:2  | Gained mutation: You are very robust. (+20% HP) [demonic
                  | ancestry]
 53827 | Slime:2  | Reached XP level 23. HP: 211/248 MP: 33/38
 53963 | Slime:4  | Gained mutation: You occasionally lose the ability to drink
                  | potions when taking damage. [a shining eye]
 54001 | Slime:4  | Gained mutation: Armour fits poorly on your strangely
                  | shaped body. [a shining eye]
 54110 | D:10     | Lost mutation: You have hidden genetic defects. [potion of
                  | mutation]
 54110 | D:10     | Lost mutation: Your muscles are strong. (Str +4, Int/Dex
                  | -1) [potion of mutation]
 54110 | D:10     | Lost mutation: You passively map a small area around you.
                  | [potion of mutation]
 54110 | D:10     | Lost mutation: Armour fits poorly on your strangely shaped
                  | body. [potion of mutation]
 54111 | D:10     | Lost mutation: Your mind is acute. (Int +4, Str/Dex -1)
                  | [potion of mutation]
 54111 | D:10     | Lost mutation: You occasionally lose the ability to drink
                  | potions when taking damage. [potion of mutation]
 54111 | D:10     | Gained mutation: Your movements are slightly less
                  | encumbered by armour. (ER -2) [potion of mutation]
 54111 | D:10     | Gained mutation: Your magical capacity is low. (-10% MP)
                  | [potion of mutation]
 54111 | D:10     | Gained mutation: You are extremely robust. (+30% HP)
                  | [potion of mutation]
 54219 | Slime:4  | Noticed Dissolution
 54226 | Slime:4  | Gained mutation: Your spells are a little easier to cast,
                  | but a little less powerful. [a shining eye]
 54228 | Slime:4  | Gained mutation: You do not regenerate when monsters are
                  | visible. [a shining eye]
 54284 | Slime:3  | Killed Dissolution
 54376 | Slime:5  | Entered Level 5 of the Pits of Slime
 54410 | Slime:5  | Noticed the Royal Jelly
 54579 | Slime:5  | Slain by an acid blob

Illustrated notes

Levels and vault maps discovered:
D:1:      minmay_arrival_loop, layout_loops_ring, minmay_tetromino_i2
D:2:      layout_rooms, uniq_jessica
D:3:      layout_loops_ring, lightli_temple_of_fire, vehumet_crystals,
          gammafunk_ghost_mausoleum, hellmonk_ecumenical_altar_blasted,
          grunt_ministairs_5, uniq_terence
D:4:      layout_basic, mainiacjoe_overflow_chevrons
D:5:      layout_rooms, uniq_edmund
D:6:      layout_basic, nicolae_ru_awakened_eye, lemuel_crystal_altar,
          gammafunk_ghost_cemetery
D:7:      layout_loops_cross, led_sif_pool, minmay_temple_entry_grid,
          ebering_ghost_reflecting_pool, nicolae_titane
D:8:      cheibrodos_steamvent, layout_loops_cross, mainiacjoe_overflow_catwalk
D:9:      layout_big_octagon, mainiacjoe_overflow_alcove_1, serial_column_ruins,
          column_ruins_circle_medium, column_ruins_hut,
          column_ruins_columns_dead_end, column_ruins_open_tiny,
          column_ruins_open_tiny
D:10:     layout_rooms, minmay_lair_entry_grove
D:11:     layout_basic, gammafunk_ghost_icy, minmay_splitting_lines, uniq_grum,
          uniq_erolcha
D:12:     minmay_the_grid_square_5x5_5x5
          [minmay_the_grid_square_5x5_doubleslash,
          minmay_the_grid_square_5x5_eight_small,
          minmay_the_grid_square_5x5_shrine1,
          minmay_the_grid_square_5x5_beaten_path,
          minmay_the_grid_square_5x5_minibox,
          minmay_the_grid_square_5x5_three_small,
          minmay_the_grid_square_5x5_prize_snowflake,
          minmay_the_grid_square_5x5_longway,
          minmay_the_grid_square_5x5_prize_junk,
          minmay_the_grid_square_5x5_lines, minmay_the_grid_square_5x5_n_small,
          minmay_the_grid_square_5x5_intrusive_squares,
          minmay_the_grid_square_5x5_prize_pseudospiral,
          minmay_the_grid_square_5x5_corner,
          minmay_the_grid_square_5x5_tri_point, minmay_the_grid_square_5x5_two,
          minmay_the_grid_square_5x5_prize_waves,
          minmay_the_grid_square_5x5_fat_x,
          minmay_the_grid_square_5x5_prize_gold,
          minmay_the_grid_square_5x5_half_checkered,
          minmay_the_grid_square_5x5_sharp_hourglass,
          minmay_the_grid_square_5x5_inner_v,
          minmay_the_grid_square_5x5_checkered_sparse,
          minmay_the_grid_square_5x5_meh, minmay_the_grid_square_5x5_inset],
          layout_basic, david_orc_5, uniq_nergalle
D:13:     layout_stronghold, lightli_vaults_fourway_checkpoint,
          portal_ice_cave_entry_pillars_2, uniq_sonja
D:14:     layout_loops_ring, minivault_11
D:15:     grunt_enter_depths_magical_seal, layout_rooms, hex_intersection,
          ebering_ghost_inner_flame, minivault_22, nicolae_alphabet_shops,
          minmay_fractal_squares_diagonal_5
Temple:   eino_temple_water
Lair:1:   dreamdust_cave_troll, layout_cave_pods, grunt_forest_stairs_basic,
          serial_bayou_shore_b, grunt_megastairs_2, uniq_harold, uniq_maggie
Lair:2:   layout_regular_city, gammafunk_ghost_grave, serial_bayou_shore_b,
          serial_bayou_shore_b
Lair:3:   layout_concentric_octagons, minmay_swamp_entry_worms,
          guppyfry_snake_entry_garden, chequers_serial_rivers_large_a,
          serial_bayou_shore_a
Lair:4:   minmay_lair_oklob_chamber, layout_layer_cave,
          minmay_slime_entry_pillars, forest_entry_grove, grunt_megastairs_4
Lair:5:   cheibrodos_lair_end_hotspot, layout_regular_city, worms_lemuel
Swamp:1:  layout_basic_swamp, nicolae_swamp_triple_paths, uniq_josephine
Swamp:2:  layout_basic_swamp, gammafunk_ghost_grave, hangedman_swamp_ruin_hall
Swamp:3:  nicolae_swamp_ascending_descending, layout_falls_marsh,
          evilmike_swamp_ruin_house_1
Swamp:4:  swamp_alternative, layout_basic_swamp, gammafunk_ghost_cemetery,
          swamp_pool4, infiniplex_staircase_pool, uniq_mlioglotl
Snake:1:  layout_onion_interference, hellmonk_ghost_happy_afterlife, uniq_kirke,
          uniq_agnes, uniq_frances
Snake:2:  layout_misc_corridors, guppyfry_snake_island, grunt_megastairs_5,
          minmay_shoptagon
Snake:3:  layout_cave_shapes, nicolae_snake_gridmaze_entwining,
          nicolae_shop_clearance, uniq_aizul, uniq_vashnia
Snake:4:  grunt_snake_rune_spirals, layout_onion,
          nicolae_snake_snakes_in_the_grass, uniq_roxanne, uniq_bai_suzhen
Slime:1:  layout_caves
Slime:2:  nicolae_slime_pool, layout_caves
Slime:3:  nicolae_slime_jelly_donut, layout_caves
Slime:4:  layout_caves, nicolae_slime_round_cave, uniq_dissolution
Slime:5
Orc:1:    layout_caves, serial_shops, shop_statue, minmay_orc_keep
Orc:2:    st_orc_town, layout_caves, basic_altar, dreamdust_deal_with_the_devil
Vaults:1: v_misc_5, ontoclasm_vaults_fault, v_misc_17, v_pattern_5,
          vaults_room_semicircle, nicolae_vaults_little_squares_2,
          vaults_room_boxed, nicolae_vaults_quartermaster,
          nicolae_vaults_network_barrier, ontoclasm_vaults_eye,
          vaults_room_pool, v_alt_pattern_5, nicolae_vaults_ring_of_whatevers,
          v_misc_8, ontoclasm_vaults_hangar, layout_vaults_big_cross
Vaults:2: vaults_dpeg_doors, v_misc_31, vaults_room_door_hall,
          nicolae_vaults_sealed_display, nicolae_vaults_three_branches,
          v_misc_3, hangedman_vaults_restitches, vaults_room_pools,
          ontoclasm_vaults_gateway, nicolae_vaults_ring_of_whatevers, v_misc_14,
          nicolae_vaults_little_squares_1, ontoclasm_vaults_misaligned,
          layout_vaults_maze, minmay_crypt_entry_necro_gods, serial_shops,
          shop_coins, nicolae_square_shop
Vaults:3: nicolae_vaults_an_arrangement, vaults_room_semicircle,
          nicolae_vaults_stairing_the_circle, v_pattern_1,
          nicolae_vaults_little_ls, v_misc_15, serial_ice_g,
          hangedman_vaults_stream, vaults_dpeg_diagonal, v_misc_1,
          layout_vaults_ring, uniq_sojobo, uniq_zenata, uniq_asterion
Vaults:4: v_misc_2, grunt_vaults_swirl, nicolae_vaults_back_hallway,
          v_alt_pattern_2, vaults_room_pool, nicolae_vaults_asterisk,
          layout_vaults_omnigrid
Vaults:5
Depths:1: layout_gridlike, enter_ziggurat_d, hell_entry, nrook_pool_corridor,
          kennysheep_cross_bottleneck, minmay_tree_intersection,
          minmay_misc_feat_pillars, grunt_dithmenos_smoke
Depths:2: gold_lair_mu, layout_cave_pools, grunt_hell_entry_dis_mu,
          rand_demon_pan_entry_9, nicolae_kikubaaqudgha_miasma_corner,
          uniq_josephina
Depths:3: minmay_mutant_horseshoe, layout_honeycomb, minmay_misc_feat_rows,
          abyss_entry, pf_hell_entry_tar_river, hangedman_research_toxicology,
          infiniplex_staircase_door_maze
Depths:4: grunt_zot_entry_hairpin, layout_gridville, serial_shops, shop,
          dk_noncrumbling_4, nicolae_abyss_entry_one_way_or_another, hell_entry,
          hangedman_abyss_or_decor_stagger, st_stairs_12, nicolae_rare_books,
          serial_bayou_shore_b

Skill      XL: |  1  2  3  4  5  6  7  8  9 10 11 12 13 14 15 16 17 18 19 20 21 22 23 |
---------------+----------------------------------------------------------------------+-----
Axes           | 3 4 5 7 8 9 11 12 13 14 15 17 | 17.8
Dodging        | 3 4 5 6 |  6.3
Armour         | 1 2 3 4 5 7 8 9 10 11 12 13 14 15 16 17 | 17.0
Fighting       | 3 5 6 7 8 9 10 11 12 13 14 15 17 18 19 | 19.9
Throwing       | 2 3 |  3.7
Invocations    | 3 6 8 10 12 13 14 15 16 17 19 20 22 | 22.7
Evocations     | 2 4 6 7 9 10 11 12 13 14 15 16 17 | 17.0
Stealth        | 1 2 3 4 |  4.4
Shields        | 1 3 4 5 7 8 10 11 12 13 14 | 14.5
Long Blades    | 3 |  3.3
Maces & Flails | 2 3 |  3.5
Polearms       | |  0.5

Action                   |  1- 3 |  4- 6 |  7- 9 | 10-12 | 13-15 | 16-18 | 19-21 | 22-24 || total
-------------------------+-------+-------+-------+-------+-------+-------+-------+-------++-------
Melee: War axe           |   140 |   140 |   371 |   545 |   951 |       |       |       ||  2147
       Punch             |     1 |     3 |     6 |     8 |    20 |    18 |    34 |    16 ||   106
       Spear             |       |       |       |       |    21 |       |       |       ||    21
       Broad axe         |       |       |       |       |   180 |  1324 |  1563 |   769 ||  3836
       Demon blade       |       |       |       |       |   114 |       |       |       ||   114
       Morningstar       |       |       |       |       |     9 |   101 |       |       ||   110
Throw: Javelin           |       |       |     1 |     2 |       |       |       |       ||     3
       Throwing net      |       |       |     1 |       |       |       |       |       ||     1
       Dart              |       |       |     7 |       |       |       |       |       ||     7
       Boomerang         |       |       |       |    17 |    11 |     9 |     1 |     2 ||    40
Invok: Upheaval          |       |       |       |     2 |     5 |     4 |     6 |     6 ||    23
       Elemental Force   |       |       |       |     1 |     9 |    15 |    15 |     4 ||    44
       Disaster Area     |       |       |       |       |       |     2 |     1 |       ||     3
 Abil: Evoke Blink       |       |       |       |       |     1 |       |       |       ||     1
Evoke: Wand              |       |       |       |    11 |     2 |     3 |     1 |       ||    17
       Lightning rod     |       |       |       |       |     8 |       |     5 |     6 ||    19
       Phantom mirror    |       |       |       |       |       |     1 |     1 |     1 ||     3
  Use: Scroll            |       |     6 |    12 |    10 |     7 |     3 |     6 |     4 ||    48
       Potion            |       |     1 |     4 |     1 |     2 |     1 |     2 |     2 ||    13
 Stab: Distracted        |       |       |       |       |     2 |     6 |     1 |       ||     9
       Paralysed         |       |       |       |       |     2 |     9 |     5 |       ||    16
Armor: Leather armour    |    76 |    18 |       |       |       |       |       |       ||    94
       Chain mail        |       |    62 |    59 |       |       |       |       |       ||   121
       Plate armour      |       |       |   225 |   435 |  1066 |  1241 |   966 |   651 ||  4584
Dodge: Dodged            |   139 |    81 |   138 |   278 |   622 |   811 |   617 |   395 ||  3081
       Repelled          |       |       |       |       |    16 |    90 |    25 |    13 ||   144
Block: Other             |       |       |       |    59 |   472 |   662 |   440 |   321 ||  1954

Table legend: (Time is in decaauts)
 A = Elapsed time spent in this place.
 B = Non-inter-level travel time spent in this place.
 C = Inter-level travel time spent in this place.
 D = Time resting spent in this place.
 E = Time spent auto-exploring this place.
 F = Levels seen in this place.
 G = Mean time per level.
                   A        B        C        D        E       F      G
               +--------+--------+--------+--------+--------+-----+--------+
         Total |  55804 |  51768 |   4036 |   5532 |  20803 |  46 | 1213.1 |
       Dungeon |  19772 |  17934 |   1838 |   2263 |   6846 |  15 | 1318.1 |
        Temple |     29 |     29 |      0 |      0 |      0 |   1 |   29.0 |
          Lair |   6946 |   5927 |   1019 |    175 |   3597 |   5 | 1389.2 |
         Swamp |   4312 |   4196 |    116 |    536 |   1599 |   4 | 1078.0 |
     Snake Pit |   7148 |   6873 |    275 |   1160 |   1835 |   4 | 1787.0 |
    Slime Pits |    725 |    708 |     17 |    254 |      0 |   5 |  145.0 |
  Orcish Mines |   1850 |   1825 |     25 |    192 |    520 |   2 |  925.0 |
        Vaults |   7225 |   6905 |    320 |    503 |   3144 |   5 | 1445.0 |
        Depths |   6650 |   6227 |    423 |    225 |   2850 |   4 | 1662.5 |
      Ice Cave |   1143 |   1143 |      0 |    224 |    410 |   1 | 1143.0 |
               +--------+--------+--------+--------+--------+-----+--------+

Top non-repeatable levels by time:
    D:13: 2598 daAuts
Vaults:1: 2275 daAuts
    D:11: 2270 daAuts
    D:12: 2115 daAuts
 Snake:4: 2083 daAuts
 Snake:2: 1921 daAuts
Depths:4: 1826 daAuts
 Snake:3: 1826 daAuts
  Lair:1: 1716 daAuts
Vaults:4: 1704 daAuts
Vaults:2: 1687 daAuts
Depths:3: 1655 daAuts
Depths:1: 1594 daAuts
    D:14: 1583 daAuts
Depths:2: 1574 daAuts
